Winnipeg Jets vs Edmonton Oilers
Created - dimanche, 7 décembre 2025 at 07:37
Goals
|
| Winnipeg Jets |
1 |
2 |
0 |
3 |
| Edmonton Oilers |
0 |
2 |
2 |
4 |
|
Shots
|
| Winnipeg Jets |
8 |
8 |
7 |
23 |
| Edmonton Oilers |
11 |
16 |
21 |
48 |
|
1st period
1. Winnipeg Jets , Morgan Geekie 11 (Conor Garland 13, Hampus Lindholm 14) at 19:16 (PP)
Penalties :
Craig Smith (EDM) for Holding (Minor) at 4:48, Derek Forbort (WPG) for Hooking (Minor) at 4:48, Connor McDavid (EDM) for Hooking (Minor) at 10:09, Dylan Samberg (WPG) for Roughing (Minor) at 10:09, Teddy Blueger (WPG) for Roughing (Minor) at 12:20, Tom Wilson (EDM) for Hooking (Minor) at 15:39, Zach Aston-Reese (EDM) for Goalie Interference (Minor) at 18:18
2nd period
2. Winnipeg Jets , Jared McCann 7 (Dylan Samberg 10, Morgan Geekie 11) at 0:38
3. Winnipeg Jets , Jared McCann 8 (Dylan Samberg 11) at 1:31
4. Edmonton Oilers , Zach Werenski 9 (Evan Bouchard 10, Jonny Brodzinski 11) at 14:17 (PP)
5. Edmonton Oilers , Connor McDavid 17 (Zach Werenski 22, Ryan Nugent-Hopkins 10) at 14:42
Penalties :
Tom Wilson (EDM) for Hooking (Minor) at 4:00, Johnathan Kovacevic (WPG) for Tripping (Minor) at 13:57
3rd period
6. Edmonton Oilers , Jordan Eberle 6 (Joel Armia 8, Alexander Kerfoot 6) at 5:45
7. Edmonton Oilers , Gabriel Vilardi 7 (Tom Wilson 12, Ryan McLeod 12) at 13:09
Penalties :
Conor Garland (WPG) for Roughing (Minor) at 2:03, Ben Chiarot (WPG) for Hooking (Minor) at 9:24, Jared McCann (WPG) for Hooking (Minor) at 15:02
Goalie Stats
Connor Hellebuyck (WPG), 44 saves from 48 shots - (0.917), L, 14-9-1, 59:39 minutes
Andrei Vasilevskiy (EDM), 20 saves from 23 shots - (0.870), W, 13-10-1, 60:00 minutes
Players Stats for Winnipeg Jets
Player Name G A P +/- PIM S H SB GA TA FO MP PP MP PK MP
------------------------------------------------------------------------------------
Adam Henrique 0 0 0 -1 0 2 0 0 0 0 10/26 17:57 2:08 3:59
Ben Chiarot 0 0 0 0 2 0 1 1 0 0 0/0 20:15 0:33 3:00
Cole Perfetti 0 0 0 2 0 2 0 0 0 0 2/2 15:43 2:08 0:08
Conor Garland 0 1 1 -1 2 1 2 0 0 0 3/7 16:59 2:06 1:07
Danton Heinen 0 0 0 -2 0 0 0 0 0 0 1/9 9:32 0:42 0:00
Derek Forbort 0 0 0 -1 2 2 2 2 0 0 0/0 19:31 2:09 1:36
Dylan Samberg 0 2 2 0 2 0 0 1 0 0 0/0 19:23 0:45 4:25
Emil Heineman 0 0 0 0 0 1 1 0 0 0 0/1 13:46 0:10 3:38
Hampus Lindholm 0 1 1 0 0 0 1 1 0 0 0/0 21:14 1:56 3:16
Jani Nyman 0 0 0 -2 0 0 0 0 0 0 1/1 9:10 0:10 0:00
Jared McCann 2 0 2 2 2 3 1 0 0 0 12/28 17:02 1:56 0:40
Johnathan Kovacevic 0 0 0 0 2 1 3 2 0 0 0/0 21:03 2:14 3:36
Lucas Carlsson 0 0 0 -1 0 2 1 2 0 0 0/0 17:42 2:05 0:39
Mikey Eyssimont 0 0 0 0 0 1 0 0 0 0 0/0 10:08 0:10 0:00
Morgan Barron 0 0 0 -2 0 0 3 0 0 0 1/1 13:39 0:42 4:07
Morgan Geekie 1 1 2 2 0 3 1 0 0 0 0/1 13:58 1:56 0:00
Nikolaj Ehlers 0 0 0 -1 0 2 2 0 0 0 0/4 16:25 2:08 0:12
Teddy Blueger 0 0 0 0 2 3 0 1 0 0 14/21 14:12 0:42 2:41
Players Stats for Edmonton Oilers
Player Name G A P +/- PIM S H SB GA TA FO MP PP MP PK MP
------------------------------------------------------------------------------------
Alexander Kerfoot 0 1 1 -1 0 1 1 0 0 0 10/20 13:38 0:00 2:26
Brayden Point 0 0 0 1 0 6 3 0 0 0 3/3 19:01 3:50 0:00
Cody Ceci 0 0 0 1 0 1 2 1 0 0 0/0 19:28 0:35 1:45
Connor McDavid 1 0 1 1 2 8 0 0 0 0 15/29 19:17 4:25 1:03
Craig Smith 0 0 0 0 2 0 0 0 0 0 0/0 7:09 0:00 0:00
Dmitry Kulikov 0 0 0 2 0 1 1 0 0 0 0/0 13:54 0:00 2:37
Evan Bouchard 0 1 1 -2 0 1 2 0 0 0 0/0 20:34 4:42 1:03
Gabriel Vilardi 1 0 1 1 0 3 0 0 0 0 3/3 17:24 3:51 0:18
Joel Armia 0 1 1 -1 0 0 2 0 0 0 0/0 13:38 0:00 2:26
John Carlson 0 0 0 -2 0 2 2 1 0 0 0/0 23:11 2:59 2:20
Jonny Brodzinski 0 1 1 0 0 2 0 0 0 0 10/18 11:01 3:51 0:00
Jordan Eberle 1 0 1 -1 0 4 0 1 0 0 0/0 14:25 3:51 0:00
Ryan McLeod 0 1 1 1 0 2 0 0 0 0 13/20 13:45 0:00 1:42
Ryan Nugent-Hopkins 0 1 1 1 0 3 1 0 0 0 2/3 16:27 0:35 1:57
Ryan Pulock 0 0 0 2 0 2 1 0 0 0 0/0 15:48 3:34 0:47
Tom Wilson 0 1 1 1 4 6 3 0 0 0 1/3 18:07 4:25 0:00
Zach Aston-Reese 0 0 0 0 2 2 2 0 0 0 0/2 7:09 0:00 0:00
Zach Werenski 1 1 2 1 0 4 3 0 0 0 0/0 27:05 4:42 1:20
3 Stars
1 - Zach Werenski (EDM)
2 - Jared McCann (WPG)
3 - Morgan Geekie (WPG)
Power Play
Winnipeg Jets - 1 on 3 Attempt(s) - 33.33%
Edmonton Oilers - 1 on 5 Attempt(s) - 20.00%
Penalty Kill
Winnipeg Jets - 4 on 5 Attempt(s) - 80.00%
- Score 0 goal in Penalty Kill
Edmonton Oilers - 2 on 3 Attempt(s) - 66.67%
- Score 0 goal in Penalty Kill
Team Stat
Winnipeg Jets - Hits : 18 - Faceoff Wins : 44 - Blocked Shots : 10 - Penalty Minutes : 14
Edmonton Oilers - Hits : 23 - Faceoff Wins : 57 - Blocked Shots : 3 - Penalty Minutes : 10
Official
Referees : Pierre Lambert and Chris Schlenker
Linesman : Tommy Hughes and Dan Kelly
Game Notes
No Game Note
Finance
Level 1 -- Attendance: 10063 (94.93%) -- Ticket Income $ 895 607
Level 2 -- Attendance: 2158 (98.09%) -- Ticket Income $ 159 692
Level 3 -- Attendance: 3700 (100.00%) -- Ticket Income $ 162 800
Level 4 -- Attendance: 1450 (100.00%) -- Ticket Income $ 43 500
Luxury Box -- Attendance: 41 (82.00%) -- Ticket Income $ 9 225
Game was played at the Rogers Place.
Total Attendance: 17412 (96.73%)
Total Ticket Income: $ 1 270 824
Total Income: $ 1 270 824
Winnipeg Jets
5 vs 5 Forward
Center Left Wing Right Wing Time % Phy DF OF
1 Jared McCann Cole Perfetti Morgan Geekie 27 0 1 4
2 Adam Henrique Conor Garland Nikolaj Ehlers 26 0 1 4
3 Teddy Blueger Mikey Eyssimont Emil Heineman 25 0 2 3
4 Danton Heinen Jani Nyman Morgan Barron 22 0 3 2
5 vs 5 Defense
Defense Defense Time % Phy DF OF
1 Hampus Lindholm Johnathan Kovacevic 35 0 3 2
2 Ben Chiarot Dylan Samberg 35 0 4 1
3 Derek Forbort Lucas Carlsson 30 0 5 0
4 Hampus Lindholm Dylan Samberg 0 1 2 2
PowerPlay Forward
Center Left Wing Right Wing Time % Phy DF OF
1 Adam Henrique Nikolaj Ehlers Cole Perfetti 55 0 1 4
2 Jared McCann Conor Garland Morgan Geekie 45 0 1 4
PowerPlay Defense
Defense Defense Time % Phy DF OF
1 Johnathan Kovacevic Derek Forbort 55 0 1 4
2 Hampus Lindholm Lucas Carlsson 45 0 2 3
Penalty Kill 4 Players Forward
Center Wing Time % Phy DF OF
1 Teddy Blueger Emil Heineman 50 0 5 0
2 Adam Henrique Morgan Barron 50 0 5 0
Penalty Kill 4 Players Defense
Defense Defense Time % Phy DF OF
1 Johnathan Kovacevic Ben Chiarot 56 0 5 0
2 Hampus Lindholm Dylan Samberg 44 0 5 0
Penalty Kill - 3 Players Forward
Forward Time % Phy DF OF
1 Teddy Blueger 50 0 5 0
2 Emil Heineman 50 0 5 0
Penalty Kill - 3 Players Defense
Defense Defense Time % Phy DF OF
1 Johnathan Kovacevic Ben Chiarot 56 0 5 0
2 Hampus Lindholm Lucas Carlsson 44 0 5 0
4 vs 4 Forward
Center Wing Time % Phy DF OF
1 Jared McCann Nikolaj Ehlers 50 0 2 3
2 Cole Perfetti Conor Garland 50 0 2 3
4 vs 4 Defense
Defense Defense Time % Phy DF OF
1 Johnathan Kovacevic Ben Chiarot 50 0 3 2
2 Derek Forbort Hampus Lindholm 50 0 3 2
Last Minutes Offensive
Center Left Wing Right Wing Defense Defense
Jared McCann Cole Perfetti Nikolaj Ehlers Ben Chiarot Derek Forbort
Last Minutes Defensive
Center Left Wing Right Wing Defense Defense
Teddy Blueger Danton Heinen Emil Heineman Johnathan Kovacevic Dylan Samberg
Goaltenders
Starting : Connor Hellebuyck
Backup : Drew Commesso
Extra Forwards
Normal : Teddy Blueger, Nikolaj Ehlers, Conor Garland - PP : Danton Heinen, Teddy Blueger - PK : Conor Garland
Extra Defensemen
Normal : Ben Chiarot, Johnathan Kovacevic, Dylan Samberg - PP : Dylan Samberg - PK : Dylan Samberg, Johnathan Kovacevic
Penalty Shots
Cole Perfetti, Morgan Geekie, Nikolaj Ehlers, Jared McCann, Conor Garland
Custom OT Lines Forwards
Nikolaj Ehlers, Jared McCann, Adam Henrique, Cole Perfetti, Conor Garland, Morgan Geekie, Morgan Barron, Danton Heinen, Jani Nyman, Mikey Eyssimont
Custom OT Lines Defensemen
Dylan Samberg, Johnathan Kovacevic, Ben Chiarot, Derek Forbort, Lucas Carlsson
Scratches
Rafael Harvey-Pinard (Healthy), Declan Chisholm (Healthy), Logan Stanley (Healthy)
Edmonton Oilers
5 vs 5 Forward
Center Left Wing Right Wing Time % Phy DF OF
1 Connor McDavid Ryan Nugent-Hopkins Brayden Point 31 0 2 3
2 Ryan McLeod Tom Wilson Gabriel Vilardi 28 0 2 3
3 Alexander Kerfoot Joel Armia Jordan Eberle 25 0 3 2
4 Jonny Brodzinski Craig Smith Zach Aston-Reese 16 1 3 1
5 vs 5 Defense
Defense Defense Time % Phy DF OF
1 Zach Werenski Cody Ceci 35 0 4 1
2 Evan Bouchard John Carlson 32 0 4 1
3 Dmitry Kulikov Ryan Pulock 28 1 4 0
4 Zach Werenski John Carlson 5 0 4 1
PowerPlay Forward
Center Left Wing Right Wing Time % Phy DF OF
1 Connor McDavid Tom Wilson Brayden Point 55 0 0 5
2 Jonny Brodzinski Gabriel Vilardi Jordan Eberle 45 0 0 5
PowerPlay Defense
Defense Defense Time % Phy DF OF
1 Zach Werenski Evan Bouchard 55 0 0 5
2 Ryan Pulock John Carlson 45 0 1 4
Penalty Kill 4 Players Forward
Center Wing Time % Phy DF OF
1 Alexander Kerfoot Joel Armia 55 0 5 0
2 Ryan McLeod Ryan Nugent-Hopkins 45 0 5 0
Penalty Kill 4 Players Defense
Defense Defense Time % Phy DF OF
1 Dmitry Kulikov John Carlson 50 0 5 0
2 Zach Werenski Cody Ceci 50 0 5 0
Penalty Kill - 3 Players Forward
Forward Time % Phy DF OF
1 Alexander Kerfoot 50 0 5 0
2 Joel Armia 50 0 5 0
Penalty Kill - 3 Players Defense
Defense Defense Time % Phy DF OF
1 Dmitry Kulikov John Carlson 50 0 5 0
2 Zach Werenski Cody Ceci 50 0 5 0
4 vs 4 Forward
Center Wing Time % Phy DF OF
1 Connor McDavid Brayden Point 50 0 2 3
2 Gabriel Vilardi Tom Wilson 50 0 2 3
4 vs 4 Defense
Defense Defense Time % Phy DF OF
1 Zach Werenski Evan Bouchard 50 0 4 1
2 Cody Ceci John Carlson 50 0 4 1
Last Minutes Offensive
Center Left Wing Right Wing Defense Defense
Connor McDavid Tom Wilson Brayden Point Zach Werenski Evan Bouchard
Last Minutes Defensive
Center Left Wing Right Wing Defense Defense
Ryan McLeod Alexander Kerfoot Joel Armia Zach Werenski John Carlson
Goaltenders
Starting : Andrei Vasilevskiy
Backup : Joel Hofer
Extra Forwards
Normal : Connor McDavid, Tom Wilson, Jordan Eberle - PP : Ryan Nugent-Hopkins, Ryan McLeod - PK : Connor McDavid
Extra Defensemen
Normal : Zach Werenski, John Carlson, Evan Bouchard - PP : Cody Ceci - PK : Evan Bouchard, Ryan Pulock
Penalty Shots
Brayden Point, Connor McDavid, Gabriel Vilardi, Jordan Eberle, Tom Wilson
Custom OT Lines Forwards
Connor McDavid, Brayden Point, Gabriel Vilardi, Tom Wilson, Ryan Nugent-Hopkins, Jordan Eberle, Alexander Kerfoot, Jonny Brodzinski, Joel Armia,
Custom OT Lines Defensemen
Zach Werenski, John Carlson, Evan Bouchard, Cody Ceci, Ryan Pulock
Scratches
Nathan Walker (Healthy), Calvin Pickard (Healthy)
% Time on Ice - Winnipeg Jets
Lines # - Real PCT - Wanted PCT - Time Play
Normal Forward
1 - 29% - 27% - 12:02
2 - 27% - 26% - 11:16
3 - 24% - 25% - 9:58
4 - 21% - 22% - 8:50
Normal Defense
1 - 33% - 35% - 13:47
2 - 32% - 35% - 13:26
3 - 35% - 30% - 14:34
4 - 1% - 0% - 0:19
PP Forward
1 - 43% - 55% - 2:08
2 - 57% - 45% - 2:48
PP Defense
1 - 58% - 55% - 2:51
2 - 42% - 45% - 2:05
PK Forward
1 - 48% - 50% - 3:57
2 - 52% - 50% - 4:19
PK Defense
1 - 53% - 56% - 4:24
2 - 47% - 44% - 3:52
PK3 Forward
1 - 0% - 50%
2 - 0% - 50%
PK3 Defense
1 - 0% - 56%
2 - 0% - 44%
44 Forward
1 - 53% - 50% - 2:05
2 - 47% - 50% - 1:53
44 Defense
1 - 48% - 50% - 1:55
2 - 52% - 50% - 2:03
Last Minute Offensive - 0:44
Last Minute Defensive - 0:00
Total
Forward - 60:00
Defense - 60:00
|
% Time on Ice - Edmonton Oilers
Lines # - Real PCT - Wanted PCT - Time Play
Normal Forward
1 - 31% - 31% - 13:09
2 - 27% - 28% - 11:19
3 - 25% - 25% - 10:28
4 - 17% - 16% - 7:10
Normal Defense
1 - 37% - 35% - 15:29
2 - 31% - 32% - 13:03
3 - 27% - 28% - 11:17
4 - 5% - 5% - 2:17
PP Forward
1 - 53% - 55% - 4:25
2 - 47% - 45% - 3:51
PP Defense
1 - 57% - 55% - 4:42
2 - 43% - 45% - 3:34
PK Forward
1 - 55% - 55% - 2:44
2 - 45% - 45% - 2:12
PK Defense
1 - 53% - 50% - 2:37
2 - 47% - 50% - 2:19
PK3 Forward
1 - 0% - 50%
2 - 0% - 50%
PK3 Defense
1 - 0% - 50%
2 - 0% - 50%
44 Forward
1 - 55% - 50% - 2:12
2 - 45% - 50% - 1:46
44 Defense
1 - 58% - 50% - 2:19
2 - 42% - 50% - 1:39
Last Minute Offensive - 0:00
Last Minute Defensive - 0:44
Total
Forward - 60:00
Defense - 60:00
|
Play-by-Play
1st period
0:01 of 1st period - Jared McCann wins face-off versus Connor McDavid in neutral zone.
0:03 of 1st period - Johnathan Kovacevic is hit by Brayden Point and loses puck.
0:17 of 1st period - Jared McCann is hit by Zach Werenski and loses puck.
0:21 of 1st period - Icing by Cody Ceci.
0:22 of 1st period - Connor McDavid wins face-off versus Adam Henrique in Edmonton Oilers zone.
0:29 of 1st period - Shot by Connor McDavid.
0:29 of 1st period - Shot Misses the Net.
0:31 of 1st period - Shot by Brayden Point.
0:31 of 1st period - Shot Misses the Net.
0:33 of 1st period - Shot by Brayden Point.
0:33 of 1st period - Stopped by Connor Hellebuyck without a rebound.
0:34 of 1st period - Teddy Blueger wins face-off versus Ryan McLeod in Winnipeg Jets zone.
0:39 of 1st period - John Carlson is hit by Emil Heineman and loses puck.
1:04 of 1st period - Icing by John Carlson.
1:05 of 1st period - Jani Nyman wins face-off versus Ryan McLeod in Edmonton Oilers zone.
1:20 of 1st period - John Carlson is hit by Morgan Barron and loses puck.
1:49 of 1st period - Dmitry Kulikov is hit by Morgan Barron and loses puck.
2:09 of 1st period - Icing by Ryan Pulock.
2:10 of 1st period - Alexander Kerfoot wins face-off versus Jared McCann in Edmonton Oilers zone.
2:14 of 1st period - Joel Armia is hit by Derek Forbort and loses puck.
2:24 of 1st period - Icing by Lucas Carlsson.
2:25 of 1st period - Cole Perfetti wins face-off versus Jonny Brodzinski in Winnipeg Jets zone.
2:39 of 1st period - Shot by Zach Aston-Reese.
2:39 of 1st period - Stopped by Connor Hellebuyck without a rebound.
2:40 of 1st period - Brayden Point wins face-off versus Nikolaj Ehlers in Winnipeg Jets zone.
3:15 of 1st period - Shot by Connor McDavid.
3:15 of 1st period - Shot Misses the Net.
3:42 of 1st period - Off-side.
3:43 of 1st period - Jared McCann wins face-off versus Alexander Kerfoot in neutral zone.
4:14 of 1st period - Alexander Kerfoot is hit by Derek Forbort and loses puck.
4:48 of 1st period - Minor Penalty to Craig Smith for Holding.
4:48 of 1st period - Minor Penalty to Derek Forbort for Hooking.
4:49 of 1st period - Gabriel Vilardi wins face-off versus Teddy Blueger in Winnipeg Jets zone.
4:54 of 1st period - Shot by Gabriel Vilardi.
4:54 of 1st period - Deflect By Tom Wilson.
4:54 of 1st period - Shot Blocked by Teddy Blueger.
4:57 of 1st period - Icing by Johnathan Kovacevic.
4:58 of 1st period - Connor McDavid wins face-off versus Teddy Blueger in Winnipeg Jets zone.
5:49 of 1st period - Icing by Tom Wilson.
5:50 of 1st period - Gabriel Vilardi wins face-off versus Jared McCann in Edmonton Oilers zone.
6:01 of 1st period - Shot by Gabriel Vilardi.
6:01 of 1st period - Stopped by Connor Hellebuyck without a rebound.
6:02 of 1st period - Adam Henrique wins face-off versus Tom Wilson in Winnipeg Jets zone.
6:54 of 1st period - Icing by Dmitry Kulikov.
6:55 of 1st period - Connor McDavid wins face-off versus Danton Heinen in Edmonton Oilers zone.
7:22 of 1st period - Shot by Ryan Nugent-Hopkins.
7:22 of 1st period - Shot Misses the Net.
7:24 of 1st period - Shot by Dmitry Kulikov.
7:24 of 1st period - Shot Misses the Net.
7:26 of 1st period - Shot by Ryan Nugent-Hopkins.
7:26 of 1st period - Shot Misses the Net.
7:28 of 1st period - Shot by Ryan Nugent-Hopkins.
7:28 of 1st period - Shot Blocked by Derek Forbort.
7:30 of 1st period - Shot by Ryan Pulock.
7:30 of 1st period - Stopped by Connor Hellebuyck without a rebound.
7:31 of 1st period - Teddy Blueger wins face-off versus Alexander Kerfoot in Winnipeg Jets zone.
8:07 of 1st period - Emil Heineman is hit by Joel Armia and loses puck.
9:10 of 1st period - Shot by Cole Perfetti.
9:10 of 1st period - Shot Misses the Net.
9:56 of 1st period - Shot by Connor McDavid.
9:56 of 1st period - Stopped by Connor Hellebuyck with a rebound.
9:58 of 1st period - Shot by Dmitry Kulikov.
9:58 of 1st period - Shot Misses the Net.
10:00 of 1st period - Shot by Dmitry Kulikov.
10:00 of 1st period - Stopped by Connor Hellebuyck with a rebound.
10:02 of 1st period - Shot by Ryan Pulock.
10:02 of 1st period - Stopped by Connor Hellebuyck with a rebound.
10:09 of 1st period - Minor Penalty to Connor McDavid for Hooking.
10:09 of 1st period - Minor Penalty to Dylan Samberg for Roughing.
10:10 of 1st period - Ryan Nugent-Hopkins wins face-off versus Jared McCann in Winnipeg Jets zone.
10:23 of 1st period - Shot by Brayden Point.
10:23 of 1st period - Stopped by Connor Hellebuyck without a rebound.
10:24 of 1st period - Cole Perfetti wins face-off versus Tom Wilson in Winnipeg Jets zone.
11:16 of 1st period - Shot by Nikolaj Ehlers.
11:16 of 1st period - Shot Misses the Net.
11:18 of 1st period - Shot by Derek Forbort.
11:18 of 1st period - Stopped by Andrei Vasilevskiy without a rebound.
11:19 of 1st period - Jared McCann wins face-off versus Ryan Nugent-Hopkins in Edmonton Oilers zone.
11:28 of 1st period - Shot by Jared McCann.
11:28 of 1st period - Stopped by Andrei Vasilevskiy without a rebound.
11:29 of 1st period - Tom Wilson wins face-off versus Nikolaj Ehlers in Edmonton Oilers zone.
11:29 of 1st period - Tom Wilson is hit by Jared McCann.
11:48 of 1st period - Shot by Nikolaj Ehlers.
11:48 of 1st period - Shot Blocked by Cody Ceci.
12:16 of 1st period - Teddy Blueger is hit by Dmitry Kulikov and loses puck.
12:20 of 1st period - Minor Penalty to Teddy Blueger for Roughing.
12:21 of 1st period - Jonny Brodzinski wins face-off versus Adam Henrique in Winnipeg Jets zone.
13:00 of 1st period - Shot by Ryan Pulock.
13:00 of 1st period - Shot Hit the Post.
13:04 of 1st period - Shot by Connor McDavid.
13:04 of 1st period - Shot Misses the Net.
13:10 of 1st period - Shot by John Carlson.
13:10 of 1st period - Stopped by Connor Hellebuyck without a rebound.
13:11 of 1st period - Conor Garland wins face-off versus Connor McDavid in Winnipeg Jets zone.
13:33 of 1st period - Shot by Ryan Nugent-Hopkins.
13:33 of 1st period - Shot Blocked by Dylan Samberg.
13:56 of 1st period - Off-side.
13:57 of 1st period - Conor Garland wins face-off versus Jonny Brodzinski in neutral zone.
14:00 of 1st period - Shot by Jared McCann.
14:00 of 1st period - Deflect By Conor Garland.
14:00 of 1st period - Shot Blocked by Jordan Eberle.
14:03 of 1st period - Icing by Zach Werenski.
14:04 of 1st period - Jonny Brodzinski wins face-off versus Jared McCann in Edmonton Oilers zone.
14:43 of 1st period - Shot by Zach Werenski.
14:43 of 1st period - Shot Misses the Net.
15:03 of 1st period - Danton Heinen is hit by Ryan Nugent-Hopkins and loses puck.
15:17 of 1st period - Shot by Conor Garland.
15:17 of 1st period - Stopped by Andrei Vasilevskiy with a rebound.
15:30 of 1st period - Icing by Zach Werenski.
15:31 of 1st period - Connor McDavid wins face-off versus Jared McCann in Edmonton Oilers zone.
15:39 of 1st period - Minor Penalty to Tom Wilson for Hooking.
15:40 of 1st period - Alexander Kerfoot wins face-off versus Nikolaj Ehlers in Edmonton Oilers zone.
15:58 of 1st period - Icing by Derek Forbort.
15:59 of 1st period - Alexander Kerfoot wins face-off versus Adam Henrique in Winnipeg Jets zone.
16:18 of 1st period - Joel Armia is hit by Nikolaj Ehlers and loses puck.
16:36 of 1st period - Shot by Lucas Carlsson.
16:36 of 1st period - Stopped by Andrei Vasilevskiy with a rebound.
16:40 of 1st period - Shot by Morgan Geekie.
16:40 of 1st period - Deflect By Conor Garland.
16:40 of 1st period - Shot Blocked by John Carlson.
16:42 of 1st period - Shot by Lucas Carlsson.
16:42 of 1st period - Stopped by Andrei Vasilevskiy without a rebound.
16:43 of 1st period - Jared McCann wins face-off versus Ryan McLeod in Edmonton Oilers zone.
16:48 of 1st period - Shot by Morgan Geekie.
16:48 of 1st period - Stopped by Andrei Vasilevskiy without a rebound.
16:49 of 1st period - Alexander Kerfoot wins face-off versus Jared McCann in Edmonton Oilers zone.
16:55 of 1st period - Icing by Conor Garland.
16:56 of 1st period - Ryan McLeod wins face-off versus Jared McCann in Winnipeg Jets zone.
16:59 of 1st period - Shot by Ryan Nugent-Hopkins.
16:59 of 1st period - Shot Misses the Net.
17:33 of 1st period - Shot by Cole Perfetti.
17:33 of 1st period - Shot Misses the Net.
17:35 of 1st period - Shot by Johnathan Kovacevic.
17:35 of 1st period - Stopped by Andrei Vasilevskiy without a rebound.
17:36 of 1st period - Alexander Kerfoot wins face-off versus Adam Henrique in Edmonton Oilers zone.
17:44 of 1st period - Teddy Blueger is hit by Cody Ceci and loses puck.
18:03 of 1st period - Shot by Dylan Samberg.
18:03 of 1st period - Shot Misses the Net.
18:18 of 1st period - Minor Penalty to Zach Aston-Reese for Goalie Interference.
18:19 of 1st period - Adam Henrique wins face-off versus Alexander Kerfoot in Edmonton Oilers zone.
18:34 of 1st period - Shot by Derek Forbort.
18:34 of 1st period - Shot Misses the Net.
18:36 of 1st period - Shot by Nikolaj Ehlers.
18:36 of 1st period - Shot Misses the Net.
19:16 of 1st period - Shot by Morgan Geekie.
19:16 of 1st period - Goal by Morgan Geekie - Winnipeg Jets : 1 - Edmonton Oilers : 0.
19:17 of 1st period - Connor McDavid wins face-off versus Danton Heinen in neutral zone.
19:30 of 1st period - Shot by Ryan Nugent-Hopkins.
19:30 of 1st period - Stopped by Connor Hellebuyck with a rebound.
19:34 of 1st period - Shot by Brayden Point.
19:34 of 1st period - Deflect By Ryan Nugent-Hopkins.
19:34 of 1st period - Stopped by Connor Hellebuyck without a rebound.
19:35 of 1st period - Teddy Blueger wins face-off versus Ryan McLeod in Winnipeg Jets zone.
19:35 of 1st period - Teddy Blueger is hit by Tom Wilson.
19:50 of 1st period - Icing by Johnathan Kovacevic.
19:51 of 1st period - Teddy Blueger wins face-off versus Zach Aston-Reese in Winnipeg Jets zone.
19:51 of 1st period - Mikey Eyssimont is hit by Zach Aston-Reese and loses puck.
Goals for this period are 1 for Winnipeg Jets vs 0 for Edmonton Oilers.
Shots for this period are 8 for Winnipeg Jets vs 11 for Edmonton Oilers.
2nd period
0:01 of 2nd period - Ryan McLeod wins face-off versus Conor Garland in neutral zone.
0:03 of 2nd period - Zach Werenski is hit by Johnathan Kovacevic and loses puck.
0:28 of 2nd period - Shot by Tom Wilson.
0:28 of 2nd period - Stopped by Connor Hellebuyck without a rebound.
0:29 of 2nd period - Jared McCann wins face-off versus Alexander Kerfoot in Winnipeg Jets zone.
0:38 of 2nd period - Shot by Jared McCann.
0:38 of 2nd period - Goal by Jared McCann - Winnipeg Jets : 2 - Edmonton Oilers : 0.
0:39 of 2nd period - Teddy Blueger wins face-off versus Connor McDavid in neutral zone.
0:46 of 2nd period - Shot by Teddy Blueger.
0:46 of 2nd period - Stopped by Andrei Vasilevskiy without a rebound.
0:47 of 2nd period - Alexander Kerfoot wins face-off versus Morgan Geekie in Edmonton Oilers zone.
0:52 of 2nd period - Shot by John Carlson.
0:52 of 2nd period - Stopped by Connor Hellebuyck without a rebound.
0:53 of 2nd period - Ryan McLeod wins face-off versus Adam Henrique in Winnipeg Jets zone.
1:04 of 2nd period - Gabriel Vilardi is hit by Conor Garland and loses puck.
1:18 of 2nd period - Off-side.
1:19 of 2nd period - Jared McCann wins face-off versus Alexander Kerfoot in neutral zone.
1:31 of 2nd period - Shot by Jared McCann.
1:31 of 2nd period - Goal by Jared McCann - Winnipeg Jets : 3 - Edmonton Oilers : 0.
1:32 of 2nd period - Connor McDavid wins face-off versus Teddy Blueger in neutral zone.
1:53 of 2nd period - Lucas Carlsson is hit by Brayden Point and loses puck.
2:27 of 2nd period - Shot by Tom Wilson.
2:27 of 2nd period - Stopped by Connor Hellebuyck without a rebound.
2:28 of 2nd period - Jared McCann wins face-off versus Alexander Kerfoot in Winnipeg Jets zone.
3:10 of 2nd period - Cole Perfetti is hit by Tom Wilson and loses puck.
3:31 of 2nd period - Shot by Ryan McLeod.
3:31 of 2nd period - Stopped by Connor Hellebuyck with a rebound.
3:43 of 2nd period - Shot by Nikolaj Ehlers.
3:43 of 2nd period - Shot Misses the Net.
3:52 of 2nd period - Adam Henrique is hit by Cody Ceci and loses puck.
4:00 of 2nd period - Minor Penalty to Tom Wilson for Hooking.
4:01 of 2nd period - Jared McCann wins face-off versus Alexander Kerfoot in Edmonton Oilers zone.
5:01 of 2nd period - Shot by Adam Henrique.
5:01 of 2nd period - Stopped by Andrei Vasilevskiy with a rebound.
6:09 of 2nd period - Shot by Jonny Brodzinski.
6:09 of 2nd period - Stopped by Connor Hellebuyck without a rebound.
6:10 of 2nd period - Jonny Brodzinski wins face-off versus Jared McCann in Winnipeg Jets zone.
6:19 of 2nd period - Shot by Zach Aston-Reese.
6:19 of 2nd period - Stopped by Connor Hellebuyck without a rebound.
6:20 of 2nd period - Connor McDavid wins face-off versus Danton Heinen in Winnipeg Jets zone.
6:23 of 2nd period - Shot by Brayden Point.
6:23 of 2nd period - Stopped by Connor Hellebuyck without a rebound.
6:24 of 2nd period - Teddy Blueger wins face-off versus Jonny Brodzinski in Winnipeg Jets zone.
6:24 of 2nd period - Teddy Blueger is hit by Zach Aston-Reese.
7:23 of 2nd period - Derek Forbort is hit by Joel Armia and loses puck.
8:09 of 2nd period - Shot by Nikolaj Ehlers.
8:09 of 2nd period - Shot Misses the Net.
8:13 of 2nd period - Shot by Adam Henrique.
8:13 of 2nd period - Stopped by Andrei Vasilevskiy without a rebound.
8:14 of 2nd period - Jared McCann wins face-off versus Connor McDavid in Edmonton Oilers zone.
8:27 of 2nd period - Shot by Morgan Geekie.
8:27 of 2nd period - Shot Misses the Net.
8:29 of 2nd period - Shot by Morgan Geekie.
8:29 of 2nd period - Stopped by Andrei Vasilevskiy without a rebound.
8:30 of 2nd period - Morgan Barron wins face-off versus Jonny Brodzinski in Edmonton Oilers zone.
10:00 of 2nd period - Shot by Brayden Point.
10:00 of 2nd period - Deflect By Ryan Nugent-Hopkins.
10:00 of 2nd period - Stopped by Connor Hellebuyck without a rebound.
10:01 of 2nd period - Ryan McLeod wins face-off versus Adam Henrique in Winnipeg Jets zone.
10:17 of 2nd period - Icing by Nikolaj Ehlers.
10:18 of 2nd period - Alexander Kerfoot wins face-off versus Adam Henrique in Winnipeg Jets zone.
10:55 of 2nd period - Danton Heinen is hit by Zach Werenski and loses puck.
11:04 of 2nd period - Shot by Danton Heinen.
11:04 of 2nd period - Shot Misses the Net.
11:36 of 2nd period - Shot by Emil Heineman.
11:36 of 2nd period - Stopped by Andrei Vasilevskiy without a rebound.
11:37 of 2nd period - Connor McDavid wins face-off versus Adam Henrique in Edmonton Oilers zone.
12:35 of 2nd period - Shot by Gabriel Vilardi.
12:35 of 2nd period - Shot Misses the Net.
12:37 of 2nd period - Shot by Tom Wilson.
12:37 of 2nd period - Stopped by Connor Hellebuyck without a rebound.
12:38 of 2nd period - Danton Heinen wins face-off versus Jonny Brodzinski in Winnipeg Jets zone.
12:42 of 2nd period - Off-side.
12:43 of 2nd period - Ryan McLeod wins face-off versus Danton Heinen in neutral zone.
12:47 of 2nd period - Shot by Tom Wilson.
12:47 of 2nd period - Stopped by Connor Hellebuyck with a rebound.
12:49 of 2nd period - Shot by Ryan McLeod.
12:49 of 2nd period - Stopped by Connor Hellebuyck without a rebound.
12:50 of 2nd period - Ryan McLeod wins face-off versus Teddy Blueger in Winnipeg Jets zone.
12:50 of 2nd period - Zach Werenski is hit by Johnathan Kovacevic and loses puck.
13:05 of 2nd period - Shot by Tom Wilson.
13:05 of 2nd period - Shot Blocked by Johnathan Kovacevic.
13:34 of 2nd period - Icing by Emil Heineman.
13:35 of 2nd period - Teddy Blueger wins face-off versus Connor McDavid in Winnipeg Jets zone.
13:54 of 2nd period - Shot by Connor McDavid.
13:54 of 2nd period - Shot Blocked by Hampus Lindholm.
13:57 of 2nd period - Minor Penalty to Johnathan Kovacevic for Tripping.
13:58 of 2nd period - Jonny Brodzinski wins face-off versus Adam Henrique in Winnipeg Jets zone.
14:17 of 2nd period - Shot by Zach Werenski.
14:17 of 2nd period - Goal by Zach Werenski - Winnipeg Jets : 3 - Edmonton Oilers : 1.
14:18 of 2nd period - Jared McCann wins face-off versus Connor McDavid in neutral zone.
14:26 of 2nd period - Shot by Connor McDavid.
14:26 of 2nd period - Stopped by Connor Hellebuyck without a rebound.
14:27 of 2nd period - Ryan Nugent-Hopkins wins face-off versus Adam Henrique in Winnipeg Jets zone.
14:42 of 2nd period - Shot by Connor McDavid.
14:42 of 2nd period - Goal by Connor McDavid - Winnipeg Jets : 3 - Edmonton Oilers : 2.
14:43 of 2nd period - Jared McCann wins face-off versus Alexander Kerfoot in neutral zone.
14:54 of 2nd period - Shot by Cole Perfetti.
14:54 of 2nd period - Shot Misses the Net.
15:02 of 2nd period - Shot by Cole Perfetti.
15:02 of 2nd period - Stopped by Andrei Vasilevskiy without a rebound.
15:03 of 2nd period - Ryan McLeod wins face-off versus Danton Heinen in Edmonton Oilers zone.
15:18 of 2nd period - Shot by Tom Wilson.
15:18 of 2nd period - Stopped by Connor Hellebuyck without a rebound.
15:19 of 2nd period - Adam Henrique wins face-off versus Connor McDavid in Winnipeg Jets zone.
15:35 of 2nd period - Conor Garland is hit by John Carlson and loses puck.
15:46 of 2nd period - Shot by Connor McDavid.
15:46 of 2nd period - Stopped by Connor Hellebuyck without a rebound.
15:47 of 2nd period - Ryan McLeod wins face-off versus Jared McCann in Winnipeg Jets zone.
15:56 of 2nd period - Shot by Ryan McLeod.
15:56 of 2nd period - Deflect By Tom Wilson.
15:56 of 2nd period - Shot Misses the Net.
16:49 of 2nd period - Morgan Barron is hit by Alexander Kerfoot.
16:52 of 2nd period - Johnathan Kovacevic is hit by Ryan Pulock and loses puck.
17:57 of 2nd period - Shot by Conor Garland.
17:57 of 2nd period - Shot Misses the Net.
18:12 of 2nd period - Icing by Derek Forbort.
18:13 of 2nd period - Jonny Brodzinski wins face-off versus Conor Garland in Winnipeg Jets zone.
19:39 of 2nd period - Shot by Connor McDavid.
19:39 of 2nd period - Deflect By Brayden Point.
19:39 of 2nd period - Shot Blocked by Ben Chiarot.
Goals for this period are 2 for Winnipeg Jets vs 2 for Edmonton Oilers.
Shots for this period are 8 for Winnipeg Jets vs 16 for Edmonton Oilers.
3rd period
0:01 of 3rd period - Jared McCann wins face-off versus Alexander Kerfoot in neutral zone.
0:43 of 3rd period - Tom Wilson is hit by Morgan Geekie and loses puck.
0:47 of 3rd period - Icing by John Carlson.
0:48 of 3rd period - Teddy Blueger wins face-off versus Ryan McLeod in Edmonton Oilers zone.
1:04 of 3rd period - Icing by Teddy Blueger.
1:05 of 3rd period - Teddy Blueger wins face-off versus Connor McDavid in Winnipeg Jets zone.
1:05 of 3rd period - Ben Chiarot is hit by Brayden Point and loses puck.
1:17 of 3rd period - Shot by Ben Chiarot.
1:17 of 3rd period - Shot Hit the Post.
1:36 of 3rd period - Brayden Point is hit by Morgan Barron and loses puck.
2:00 of 3rd period - Icing by Tom Wilson.
2:01 of 3rd period - Adam Henrique wins face-off versus Ryan McLeod in Edmonton Oilers zone.
2:03 of 3rd period - Minor Penalty to Conor Garland for Roughing.
2:04 of 3rd period - Adam Henrique wins face-off versus Jonny Brodzinski in Winnipeg Jets zone.
3:09 of 3rd period - Shot by Connor McDavid.
3:09 of 3rd period - Stopped by Connor Hellebuyck without a rebound.
3:10 of 3rd period - Connor McDavid wins face-off versus Adam Henrique in Winnipeg Jets zone.
3:17 of 3rd period - Shot by Brayden Point.
3:17 of 3rd period - Stopped by Connor Hellebuyck without a rebound.
3:18 of 3rd period - Adam Henrique wins face-off versus Connor McDavid in Winnipeg Jets zone.
4:42 of 3rd period - Off-side.
4:43 of 3rd period - Adam Henrique wins face-off versus Zach Aston-Reese in neutral zone.
4:53 of 3rd period - Zach Aston-Reese is hit by Conor Garland and loses puck.
5:06 of 3rd period - Shot by Evan Bouchard.
5:06 of 3rd period - Stopped by Connor Hellebuyck without a rebound.
5:07 of 3rd period - Teddy Blueger wins face-off versus Connor McDavid in Winnipeg Jets zone.
5:14 of 3rd period - Shot by Connor McDavid.
5:14 of 3rd period - Stopped by Connor Hellebuyck without a rebound.
5:15 of 3rd period - Gabriel Vilardi wins face-off versus Danton Heinen in Winnipeg Jets zone.
5:20 of 3rd period - Shot by Ryan McLeod.
5:20 of 3rd period - Deflect By Tom Wilson.
5:20 of 3rd period - Shot Misses the Net.
5:23 of 3rd period - Icing by Johnathan Kovacevic.
5:24 of 3rd period - Brayden Point wins face-off versus Danton Heinen in Winnipeg Jets zone.
5:25 of 3rd period - Shot by Connor McDavid.
5:25 of 3rd period - Stopped by Connor Hellebuyck without a rebound.
5:26 of 3rd period - Teddy Blueger wins face-off versus Connor McDavid in Winnipeg Jets zone.
5:35 of 3rd period - Shot by Mikey Eyssimont.
5:35 of 3rd period - Shot Misses the Net.
5:37 of 3rd period - Shot by Teddy Blueger.
5:37 of 3rd period - Stopped by Andrei Vasilevskiy without a rebound.
5:38 of 3rd period - Alexander Kerfoot wins face-off versus Danton Heinen in Edmonton Oilers zone.
5:45 of 3rd period - Shot by Jordan Eberle.
5:45 of 3rd period - Goal by Jordan Eberle - Winnipeg Jets : 3 - Edmonton Oilers : 3.
5:46 of 3rd period - Ryan McLeod wins face-off versus Conor Garland in neutral zone.
6:52 of 3rd period - Shot by Ryan Nugent-Hopkins.
6:52 of 3rd period - Shot Misses the Net.
6:54 of 3rd period - Shot by John Carlson.
6:54 of 3rd period - Deflect By Brayden Point.
6:54 of 3rd period - Stopped by Connor Hellebuyck without a rebound.
6:55 of 3rd period - Alexander Kerfoot wins face-off versus Teddy Blueger in Winnipeg Jets zone.
6:56 of 3rd period - Shot by Jordan Eberle.
6:56 of 3rd period - Shot Blocked by Derek Forbort.
6:58 of 3rd period - Shot by Dmitry Kulikov.
6:58 of 3rd period - Deflect By Jordan Eberle.
6:58 of 3rd period - Stopped by Connor Hellebuyck with a rebound.
7:00 of 3rd period - Shot by Jordan Eberle.
7:00 of 3rd period - Shot Hit the Post.
7:12 of 3rd period - Shot by Alexander Kerfoot.
7:12 of 3rd period - Stopped by Connor Hellebuyck without a rebound.
7:13 of 3rd period - Connor McDavid wins face-off versus Jared McCann in Winnipeg Jets zone.
7:35 of 3rd period - Cole Perfetti is hit by Evan Bouchard and loses puck.
7:41 of 3rd period - Morgan Geekie is hit by Evan Bouchard and loses puck.
8:10 of 3rd period - Shot by Joel Armia.
8:10 of 3rd period - Shot Misses the Net.
8:17 of 3rd period - Icing by Johnathan Kovacevic.
8:18 of 3rd period - Ryan McLeod wins face-off versus Adam Henrique in Winnipeg Jets zone.
8:23 of 3rd period - Shot by Gabriel Vilardi.
8:23 of 3rd period - Deflect By Ryan McLeod.
8:23 of 3rd period - Shot Blocked by Johnathan Kovacevic.
8:25 of 3rd period - Shot by Tom Wilson.
8:25 of 3rd period - Stopped by Connor Hellebuyck without a rebound.
8:26 of 3rd period - Jonny Brodzinski wins face-off versus Teddy Blueger in Winnipeg Jets zone.
9:05 of 3rd period - Icing by Lucas Carlsson.
9:06 of 3rd period - Teddy Blueger wins face-off versus Alexander Kerfoot in Winnipeg Jets zone.
9:22 of 3rd period - Joel Armia is hit by Ben Chiarot and loses puck.
9:24 of 3rd period - Minor Penalty to Ben Chiarot for Hooking.
9:25 of 3rd period - Brayden Point wins face-off versus Adam Henrique in Winnipeg Jets zone.
9:40 of 3rd period - Shot by Connor McDavid.
9:40 of 3rd period - Stopped by Connor Hellebuyck without a rebound.
9:41 of 3rd period - Jonny Brodzinski wins face-off versus Adam Henrique in Winnipeg Jets zone.
9:50 of 3rd period - Shot by Gabriel Vilardi.
9:50 of 3rd period - Stopped by Connor Hellebuyck without a rebound.
9:51 of 3rd period - Teddy Blueger wins face-off versus Connor McDavid in Winnipeg Jets zone.
9:51 of 3rd period - Teddy Blueger is hit by Tom Wilson.
10:13 of 3rd period - Shot by Zach Werenski.
10:13 of 3rd period - Shot Misses the Net.
10:17 of 3rd period - Shot by Zach Werenski.
10:17 of 3rd period - Stopped by Connor Hellebuyck without a rebound.
10:18 of 3rd period - Adam Henrique wins face-off versus Jonny Brodzinski in Winnipeg Jets zone.
10:48 of 3rd period - Shot by Jordan Eberle.
10:48 of 3rd period - Stopped by Connor Hellebuyck without a rebound.
10:49 of 3rd period - Connor McDavid wins face-off versus Emil Heineman in Winnipeg Jets zone.
11:15 of 3rd period - Icing by Connor McDavid.
11:16 of 3rd period - Adam Henrique wins face-off versus Connor McDavid in Edmonton Oilers zone.
11:34 of 3rd period - Shot by Cole Perfetti.
11:34 of 3rd period - Stopped by Andrei Vasilevskiy without a rebound.
11:35 of 3rd period - Jonny Brodzinski wins face-off versus Jared McCann in Edmonton Oilers zone.
12:00 of 3rd period - Jared McCann is hit by Zach Werenski and loses puck.
12:35 of 3rd period - Shot by Connor McDavid.
12:35 of 3rd period - Shot Blocked by Lucas Carlsson.
12:41 of 3rd period - Shot by Ryan Nugent-Hopkins.
12:41 of 3rd period - Shot Misses the Net.
12:43 of 3rd period - Shot by Ryan Nugent-Hopkins.
12:43 of 3rd period - Shot Misses the Net.
12:45 of 3rd period - Shot by Connor McDavid.
12:45 of 3rd period - Shot Blocked by Lucas Carlsson.
12:47 of 3rd period - Shot by Ryan Nugent-Hopkins.
12:47 of 3rd period - Deflect By Brayden Point.
12:47 of 3rd period - Shot Misses the Net.
13:09 of 3rd period - Shot by Gabriel Vilardi.
13:09 of 3rd period - Goal by Gabriel Vilardi - Winnipeg Jets : 3 - Edmonton Oilers : 4.
13:10 of 3rd period - Alexander Kerfoot wins face-off versus Adam Henrique in neutral zone.
13:38 of 3rd period - Dmitry Kulikov is hit by Nikolaj Ehlers and loses puck.
13:54 of 3rd period - Ryan McLeod is hit by Hampus Lindholm and loses puck.
14:12 of 3rd period - Ryan McLeod is hit by Johnathan Kovacevic and loses puck.
14:41 of 3rd period - Shot by Mikey Eyssimont.
14:41 of 3rd period - Deflect By Teddy Blueger.
14:41 of 3rd period - Stopped by Andrei Vasilevskiy without a rebound.
14:42 of 3rd period - Connor McDavid wins face-off versus Jared McCann in Edmonton Oilers zone.
15:02 of 3rd period - Minor Penalty to Jared McCann for Hooking.
15:03 of 3rd period - Jonny Brodzinski wins face-off versus Teddy Blueger in Winnipeg Jets zone.
15:17 of 3rd period - Shot by Ryan Pulock.
15:17 of 3rd period - Shot Misses the Net.
15:19 of 3rd period - Shot by Ryan Pulock.
15:19 of 3rd period - Shot Misses the Net.
15:47 of 3rd period - Shot by Brayden Point.
15:47 of 3rd period - Stopped by Connor Hellebuyck without a rebound.
15:48 of 3rd period - Connor McDavid wins face-off versus Adam Henrique in Winnipeg Jets zone.
16:38 of 3rd period - Shot by John Carlson.
16:38 of 3rd period - Shot Misses the Net.
16:42 of 3rd period - Shot by Jonny Brodzinski.
16:42 of 3rd period - Stopped by Connor Hellebuyck without a rebound.
16:43 of 3rd period - Jonny Brodzinski wins face-off versus Conor Garland in Winnipeg Jets zone.
16:50 of 3rd period - Shot by Jordan Eberle.
16:50 of 3rd period - Stopped by Connor Hellebuyck without a rebound.
16:51 of 3rd period - Conor Garland wins face-off versus Connor McDavid in Winnipeg Jets zone.
17:12 of 3rd period - Jordan Eberle is hit by Lucas Carlsson and loses puck.
18:11 of 3rd period - Icing by Ryan Pulock.
18:12 of 3rd period - Adam Henrique wins face-off versus Jonny Brodzinski in Edmonton Oilers zone.
18:15 of 3rd period - Shot by Nikolaj Ehlers.
18:15 of 3rd period - Shot Misses the Net.
18:32 of 3rd period - Shot by Nikolaj Ehlers.
18:32 of 3rd period - Stopped by Andrei Vasilevskiy without a rebound.
18:33 of 3rd period - Teddy Blueger wins face-off versus Ryan McLeod in Edmonton Oilers zone.
18:35 of 3rd period - Emil Heineman is hit by John Carlson and loses puck.
18:52 of 3rd period - Shot by Mikey Eyssimont.
18:52 of 3rd period - Stopped by Andrei Vasilevskiy without a rebound.
18:53 of 3rd period - Connor McDavid wins face-off versus Jared McCann in Edmonton Oilers zone.
18:57 of 3rd period - Icing by Brayden Point.
18:58 of 3rd period - Connor McDavid wins face-off versus Jared McCann in Edmonton Oilers zone.
19:11 of 3rd period - Shot by Connor McDavid.
19:11 of 3rd period - Deflect By Brayden Point.
19:11 of 3rd period - Shot Hit the Post.
19:13 of 3rd period - Shot by Zach Werenski.
19:13 of 3rd period - Stopped by Connor Hellebuyck with a rebound.
19:15 of 3rd period - Shot by Cody Ceci.
19:15 of 3rd period - Stopped by Connor Hellebuyck without a rebound.
19:16 of 3rd period - Ryan McLeod wins face-off versus Nikolaj Ehlers in Winnipeg Jets zone.
19:21 of 3rd period - Shot by Zach Werenski.
19:21 of 3rd period - Stopped by Connor Hellebuyck without a rebound.
19:22 of 3rd period - Ryan McLeod wins face-off versus Jared McCann in Winnipeg Jets zone.
19:39 of 3rd period - Winnipeg Jets, Connor Hellebuyck is pulled from the net.
19:41 of 3rd period - Shot by Nikolaj Ehlers.
19:41 of 3rd period - Stopped by Andrei Vasilevskiy with a rebound.
19:43 of 3rd period - Shot by Nikolaj Ehlers.
19:43 of 3rd period - Shot Misses the Net.
19:45 of 3rd period - Shot by Derek Forbort.
19:45 of 3rd period - Stopped by Andrei Vasilevskiy without a rebound.
19:46 of 3rd period - Ryan McLeod wins face-off versus Jared McCann in Edmonton Oilers zone.
Goals for this period are 0 for Winnipeg Jets vs 2 for Edmonton Oilers.
Shots for this period are 7 for Winnipeg Jets vs 21 for Edmonton Oilers.
Back to the Top